 Dungeon Crawl Stone Soup version 0.23.0-3-gf3c87f2 (webtiles) character file.

Game seed: 1600718082708314617

1157 Scud the Chopper (level 8, 0/68 HPs)
             Began as a Minotaur Fighter on Feb 23, 2019.
             Succumbed to a killer bee's poison
             ... on level 6 of the Dungeon.
             The game lasted 00:17:52 (4243 turns).

Scud the Chopper (Minotaur Fighter)                 Turns: 4243, Time: 00:17:53

Health: 0/68       AC:  7    Str: 31    XL:     8   Next: 16%
Magic:  7/7        EV:  9    Int:  5    God:
Gold:   320        SH: 12    Dex: 10    Spells: 7/7 levels left

rFire    . . .     SeeInvis .   a - +1 war axe
rCold    . . .     Gourm    .   c - +1 shield
rNeg     . . .     Faith    .   b - +0 scale mail
rPois    .         Spirit   .   (helmet restricted)
rElec    .         Reflect  .   (no cloak)
rCorr    .         Harm     .   (no gloves)
MR       .....                  (no boots)
Stlth    ..........             (no amulet)
HPRegen  0.21/turn              p - +3 ring of strength
MPRegen  0.10/turn              (no ring)

@: mighty, lethally poisoned (0 -> -5)
A: retaliatory headbutt, horns 2
a: no special abilities


You were on level 6 of the Dungeon.
You were not hungry.

You visited 1 branch of the dungeon, and saw 7 of its levels.

You collected 320 gold pieces.

Inventory:

Hand Weapons
 a - a +1 war axe (weapon)
Armour
 b - a +0 scale mail (worn)
 c - a +1 shield (worn)
Jewellery
 p - a +3 ring of strength (left hand)
Wands
 j - a wand of iceblast (10)
 k - a wand of random effects (8)
Scrolls
 e - 3 scrolls of identify
 g - 3 scrolls of amnesia
 i - 2 scrolls of teleportation
 l - a scroll of summoning {unknown}
 m - a scroll of enchant armour
 n - a scroll of brand weapon {unknown}
 o - a scroll of enchant weapon
 q - a scroll of blinking {unknown}
Potions
 d - 2 potions of might
Comestibles
 f - 12 rations


   Skills:
 + Level 5.3 Fighting
 + Level 7.5 Axes
 + Level 6.6 Armour
 + Level 3.0 Dodging
 + Level 6.0 Shields


You had 7 spell levels left.
You didn't know any spells.
Your spell library was empty.

Dungeon Overview and Level Annotations

Branches:
Dungeon (7/15)
 Temple: D:4-7

Altars:
Elyvilon
Fedhas
Gozag
Sif Muna
Trog
Zin
The Shining One

Shops:
D:4 *   D:5 (


Innate Abilities, Weirdness & Mutations

You reflexively headbutt those who attack you in melee.
You have a pair of horns on your head.


Message History

You feel sick. Something hits you but does no damage.
You barely miss something. Your headbutt misses something.
* * * LOW HITPOINT WARNING * * *
You feel sick.
Something hits you but does no damage. 2 orc priests come into view.
* * * LOW HITPOINT WARNING * * *
You feel sick.
The orc priest shouts! x2; You hear a shout!
An orc comes into view. It is wielding a +0 dagger.
An orc warrior comes into view. It is wielding a +0 glaive.
A sky beast appears from thin air!
Reactivating autopickup.
You miss the sky beast.
* * * LOW HITPOINT WARNING * * *
You feel sick.
The orc shouts!
You block the sky beast's attack.
You slice the sky beast!! Your headbutt misses the sky beast.
The sky beast is severely wounded.
You die...

...........
#.......... P #
#.......... ♣.
#.#..........
PP.#.#..........
♣...............
.......††.......
#†Y@.......
#........o...
PP...##......o..
♣... #......oo.


PP. #......... .. #......... P .......... .......... You could see an orc
warrior, a sky beast, 2 orc priests and an orc.

Vanquished Creatures
  A sky beast (D:5)
  An ice beast (D:5)
  A phantom (D:4)
  An ogre (D:4)
  2 killer bees (D:6)
  3 scorpions
  3 hounds
  A jelly (D:5)
  A bullfrog skeleton (D:5)
  A centaur skeleton (D:4)
  4 orc wizards (D:3)
  An iguana (D:4)
  3 worker ants
  5 adders
  2 river rats (D:3)
  2 adder skeletons (D:4)
  4 worms
  A dart slug (D:2)
  4 leopard geckos
  14 orcs
  7 bats
  9 giant cockroaches
  6 goblins
  4 hobgoblins (D:1)
  5 jackals
  A quokka (D:4)
  3 ball pythons
  3 frilled lizards
  2 kobolds
  4 rats
99 creatures vanquished.

Notes
Turn   | Place    | Note
-------+----------+-------------------------------------------
     0 | D:1      | Scud the Minotaur Fighter began the quest for the Orb.
     0 | D:1      | Reached XP level 1. HP: 19/19 MP: 0/0
   303 | D:1      | Reached XP level 2. HP: 27/27 MP: 1/1
   678 | D:2      | Reached skill level 3 in Axes
   678 | D:2      | Reached XP level 3. HP: 29/33 MP: 2/2
   760 | D:2      | Found a white marble altar of Elyvilon.
   823 | D:2      | Found a glowing silver altar of Zin.
   824 | D:2      | Noticed an angel
   875 | D:2      | Found a blossoming altar of Fedhas.
   885 | D:2      | Found an opulent altar of Gozag.
  1159 | D:2      | Found a faded altar of an unknown god.
  1161 | D:2      | Found a bloodstained altar of Trog.
  1304 | D:3      | Reached XP level 4. HP: 39/40 MP: 3/3
  1611 | D:3      | Found a glowing drain.
  1612 | D:3      | Noticed an ogre
  1621 | D:3      | HP: 2/40 [ogre/+0 giant spiked club (13)]
  2239 | D:3      | Reached skill level 5 in Armour
  2261 | D:4      | Reached skill level 4 in Axes
  2279 | D:3      | Reached XP level 5. HP: 19/46 MP: 4/4
  2470 | D:4      | Reached skill level 1 in Dodging
  2497 | D:3      | Reached skill level 5 in Axes
  2505 | D:3      | Reached XP level 6. HP: 44/52 MP: 5/5
  2842 | D:4      | Found Sutzeac's Assorted Antiques.
  2850 | D:4      | Reached skill level 6 in Axes
  2850 | D:4      | Reached skill level 5 in Shields
  2850 | D:4      | Reached XP level 7. HP: 24/60 MP: 6/6
  3322 | D:5      | Entered Level 5 of the Dungeon
  3322 | D:5      | Found Qich's Antique Weapon Shop.
  3335 | D:5      | Found a glowing golden altar of the Shining One.
  3781 | D:5      | Reached skill level 5 in Fighting
  3781 | D:5      | Reached skill level 7 in Axes
  3838 | D:5      | Found a deep blue altar of Sif Muna.
  4220 | D:6      | You fall through a shaft!
  4230 | D:6      | Reached XP level 8. HP: 35/68 MP: 7/7
  4239 | D:6      | HP: 3/68 [poisoned by a killer bee]
  4241 | D:6      | HP: 1/68 [poisoned by a killer bee]
  4243 | D:6      | Succumbed to a killer bee's poison

Skill      XL: |  1  2  3  4  5  6  7  8 |
---------------+-------------------------+-----
Armour         | 4 5 6 |  6.6
Axes           | 3 4 5 6 7 |  7.5
Shields        | 4 5 6 |  6.0
Fighting       | 4 5 |  5.3
Dodging        | 1 2 3 |  3.0

Action                   |  1- 3 |  4- 6 |  7- 9 || total
-------------------------+-------+-------+-------++-------
Melee: War axe           |    62 |   115 |    74 ||   251
       Headbutt          |    10 |    17 |    14 ||    41
  Use: Potion            |       |     1 |    11 ||    12
       Scroll            |       |       |     4 ||     4
  Eat: Chunk             |     1 |     2 |     3 ||     6
       Ration            |       |     1 |     1 ||     2
Armor: Scale mail        |    28 |    59 |    35 ||   122
Dodge: Dodged            |    20 |    44 |    34 ||    98
Block: Shield            |    30 |    80 |    57 ||   167
